AoeStats
← federico.parolin

Glade

510536104Analyzed
1v1 RM · 1d ago on Oct 1, 2026· 44m 33s· 2 players
Game mode
Random Map
Map size
Tiny (2 player)
Population
200
Speed
Normal
Resources
Standard
Victory
Conquest
Starting age
Dark Age
Ending age
Imperial Age
RankedLock teamsTeams togetherTeam positionsShared explorationLock speedFull tech treeHidden civsTurbo modeCheats
Victory
Defeat
🇷🇺 Sicilians · Russia
1063
+18
🇦🇷 Franks · Argentina
1096
-18
Дитя Войны
0:54 Loom
12:15 Feudal Age
12:56 Double-Bit Axe
15:28 Wheelbarrow
17:47 Horse Collar
19:17 Stone Mining
19:18 Gold Mining
21:57 Arson
24:06 Town Watch
24:35 Scale Mail Armor
24:26 Fletching
24:47 Forging
32:40 Castle Age
35:07 Hand Cart
35:18 Bow Saw
39:20 Imperial Age
38:18 Bodkin Arrow
44:09 Conscription
federico.parolin
7:05 Loom
9:56 Feudal Age
10:43 Double-Bit Axe
16:28 Castle Age
15:18 Scale Barding Armor
17:53 Forging
21:51 Chain Barding Armor
24:33 Wheelbarrow
24:24 Stone Mining
29:48 Fletching
32:26 Masonry
34:49 Scale Mail Armor
35:27 Iron Casting
40:47 Imperial Age
39:45 Bodkin Arrow
39:52 Gold Mining
39:59 Ordonnance Companies
41:03 Hand Cart
40:34 Town Watch
42:50 Chemistry
42:55 Hoardings
Connection lost

Rejoining the realm…

Still unreachable

The connection could not be restored.

Session expired

The server has moved on; the page needs a fresh start.